 Dungeon Crawl Stone Soup version 0.19.1-1-g22dce08 (webtiles) character file.

13115 RedPan the Basher (level 11, -2/89 HPs)
             Began as a Demonspawn Berserker on Dec 29, 2016.
             Was a High Priest of Trog.
             Slain by a sixfirhy (9 damage)
             ... on level 1 of the Abyss.
             The game lasted 00:33:42 (13064 turns).

RedPan the Basher (Demonspawn Berserker)           Turns: 13064, Time: 00:33:43

Health: -2/89      AC:  9    Str: 20    XL:     11   Next: 71%
Magic:  0/11       EV: 18    Int:  9    God:    Trog [*****.]
Gold:   683        SH:  3    Dex: 13    Spells: 0 memorised, 10 levels left

rFire  + . .     SeeInvis .     r - +5 flail (protect)
rCold  + . .     Gourm    .     C - +1 leather armour {rC+}
rNeg   . . .     Faith    .     (no shield)
rPois  +         Spirit   +     (no helmet)
rElec  .         Reflect  +     s - +0 cloak
rCorr  .         Harm     .     (no gloves)
MR     .....                    (no boots)
Stlth  +++.......               g - +3 amulet of reflection
                                K - ring of Hospitality {*Drain +Fly Slay+6 Stlth+}
                                m - ring of poison resistance

@: about to teleport
A: hooves 1, molten scales 3, nightstalker 1, magic shield, magic regeneration
a: Berserk, Trog's Hand, Brothers in Arms, Burn Spellbooks, Renounce Religion,
Evoke Flight


You were on level 1 of the Abyss.
You worshipped Trog.
Trog was extremely pleased with you.
You were not hungry.

You visited 3 branches of the dungeon, and saw 12 of its levels.
You visited the Abyss 1 time.
You also visited: Sewer and Ossuary.

You collected 683 gold pieces.

Inventory:

Hand Weapons
 l - a +3 mace
 r - a +5 flail of protection (weapon)
 D - a +2 flail of crushing
 G - a +0 triple sword
Armour
 b - a +1 animal skin
 o - a +0 robe
 s - a +0 cloak (worn)
 u - the +0 ring mail of the Jabberwock {MP+9}
   (You found it on level 4 of the Dungeon)

   It affects your magic capacity (+9).
 C - a +1 leather armour of cold resistance (worn)
Jewellery
 g - a +3 amulet of reflection (around neck)
 m - a ring of poison resistance (left hand)
 B - an uncursed ring of protection from fire
 K - the ring of Hospitality (right hand) {*Drain +Fly Slay+6 Stlth+}
   (You found it on level 10 of the Dungeon)

   [ring of flight]

   It affects your accuracy and damage with ranged weapons and melee attacks
   (+6).
   It lets you fly.
   It causes draining when unequipped.
   It makes you more stealthy.
Wands
 a - a wand of flame (19/48)
 q - a wand of digging (9/24)
 t - a wand of paralysis (5/24)
 H - a wand of confusion (23/48)
 L - a wand of flame (19/48)
 M - a wand of iceblast (8/15)
Scrolls
 e - 7 scrolls of identify
 j - 6 scrolls of fear
 p - 7 scrolls of remove curse
 v - a scroll of magic mapping
 x - 2 scrolls of recharging
 y - 8 scrolls of teleportation
 E - a scroll of fog
Potions
 d - 2 potions of agility
 f - 3 potions of ambrosia
 h - 3 potions of brilliance
 i - 2 potions of might
 w - 5 potions of curing
 z - a potion of magic {unknown}
 F - 2 potions of flight
 N - a potion of lignification {unknown}
 O - a potion of resistance {unknown}
Books
 A - a book of Geomancy

   Spells                             Type                      Level
   a - Sandblast                      Earth                        1
   b - Passwall                       Transmutation/Earth          2
   c - Stone Arrow                    Conjuration/Earth            3
   d - Petrify                        Transmutation/Earth          4
   e - Lee's Rapid Deconstruction     Earth                        5
   Trog disapproves of the use of such an item.
Comestibles
 c - 12 bread rations
 n - 3 meat rations
 I - a slice of pizza
 J - 8 fruits


   Skills:
 + Level 9.1 Fighting
 + Level 12.0 Maces & Flails
 - Level 1.7 Armour
 - Level 10.3 Dodging


You had 10 spell levels left.
You didn't know any spells.

Dungeon Overview and Level Annotations

Branches:
Dungeon (10/15)            Temple (1/1) D:5            Lair (1/6) D:8
    Orc: D:9-12

Altars:
Ashenzari
Cheibriados
Dithmenos
Elyvilon
Fedhas
Gozag
Hepliaklqana
Kikubaaqudgha
Makhleb
Nemelex Xobeh
Okawaru
Qazlal
Ru
Sif Muna
Trog
Uskayaw
Vehumet
Xom
Yredelemnul
Zin
The Shining One

Annotations:
Lair:1 Sonja


Innate Abilities, Weirdness & Mutations

You have large cloven feet.
You are completely covered in molten scales. (AC +4, rF+)
You are slightly more attuned to the shadows.
When hurt, damage is shared between your health and your magic reserves.
You regenerate magic rapidly.


Message History

You feel strangely unstable.
You feel the power of the Abyss delaying your translocation!
The raiju bites you but does no damage. A chorus of shrieks assaults your mind.
A starcursed mass splits.
The raiju bursts into living lightning!
The living lightning hits you! x2; The raiju blinks!
A starcursed mass splits.
A sixfirhy comes into view.
The raiju bites you but does no damage.
As you read the scroll of fog, it crumbles to dust.
The scroll dissolves into smoke.
The raiju bites you. The raiju shocks you! The sixfirhy closely misses you.
The sixfirhy hits you. The sixfirhy shocks you!
You block the sixfirhy's attack.
The raiju bursts into living lightning!
The living lightning hits you! x2
* * * LOW HITPOINT WARNING * * *
The raiju blinks! x2; The sixfirhy hits you!
* * * LOW HITPOINT WARNING * * *
The sixfirhy shocks you!
You die...

. . .##. ##.#.
...##.#
##...#.##.
#...h.....
##3@..#
##.###§§§.##
..#..#§§#..#
.#..#§§§#..#
#.#(§.§.####
#...#.X$...#
...#.#X#X#.###.
....#X...#
.#.##
.##...X##.X....


You could see a sixfirhy and a raiju.

Vanquished Creatures
  A hydra (Lair:1)
  The ghost of cada the Martial Artist, a journeyman DsGl of Okawaru (Lair:1)
  Urug (D:10)
  A shadow dragon skeleton (Abyss:1)
  Joseph (D:7)
  2 trolls
  Grinder (D:4)
  A two-headed ogre (D:8)
  2 hornets
  2 hippogriffs
  A spriggan (D:7)
  8 yaks
  2 hungry ghosts
  Grum (D:8)
  Edmund (D:4)
  3 water moccasins
  2 hell hounds (D:8)
  2 porcupines (Lair:1)
  3 sky beasts
  5 ice beasts
  4 orc warriors
  A necrophage (D:9)
  3 ogres
  2 wolves (D:8)
  2 centaurs
  A crocodile (D:7)
  A big kobold (D:6)
  9 bullfrogs
  11 scorpions
  8 killer bees
  5 wights (D:8)
  3 howler monkeys
  3 crimson imps
  3 centaur zombies
  2 iron imps (Abyss:1)
  2 human zombies (Ossuary)
  A bullfrog zombie (D:7)
  5 small abominations (Abyss:1)
  2 orc priests
  A centaur skeleton (D:6)
  4 hounds
  A jelly (D:7)
  16 orc wizards
  A bullfrog skeleton (D:10)
  2 iguanas (D:7)
  10 worker ants
  4 big kobold zombies (Ossuary)
  2 hound zombies
  3 mummies (Ossuary)
  2 howler monkey skeletons (D:4)
  17 adders
  7 gnolls
  3 scorpion zombies (Ossuary)
  2 shadow imps
  An ufetubus (Abyss:1)
  3 adder zombies
  3 adder skeletons
  2 worms
  A dart slug (D:2)
  6 leopard geckos
  33 orcs
  8 giant cockroaches
  4 goblins
  5 hobgoblins
  7 jackals
  10 bats
  8 frilled lizards
  A hobgoblin zombie (Ossuary)
  12 kobolds
  A kobold zombie (Ossuary)
  2 leopard gecko skeletons (D:4)
  4 orc zombies (Ossuary)
  A quokka zombie (D:8)
  8 rats
304 creatures vanquished.

Vanquished Creatures (collateral kills)
  Nergalle (D:10)
1 creature vanquished.

Vanquished Creatures (others)
  A large abomination (Abyss:1)
  A plant (Lair:1)
2 creatures vanquished.

Grand Total: 307 creatures vanquished

Notes
Turn   | Place    | Note
-------+----------+-------------------------------------------
     0 | D:1      | RedPan the Demonspawn Berserker began the quest for the Orb.
     0 | D:1      | Reached XP level 1. HP: 18/18 MP: 1/1
   111 | D:1      | Reached skill level 3 in Maces & Flails
   447 | D:1      | Gained mutation: When hurt, damage is shared between your health and your magic reserves. [demonic ancestry]
   447 | D:1      | Reached XP level 2. HP: 20/24 MP: 2/2
  1348 | D:2      | Gained mutation: You regenerate magic rapidly. [demonic ancestry]
  1348 | D:2      | Reached XP level 3. HP: 18/29 MP: 1/3
  1525 | D:2      | Reached skill level 4 in Maces & Flails
  1985 | D:2      | Reached ** piety under Trog
  2252 | D:2      | Gained mutation: You are partially covered in molten scales. (AC +2) [demonic ancestry]
  2252 | D:2      | Reached XP level 4. HP: 19/35 MP: 1/4
  2652 | D:3      | Found an iron altar of Okawaru.
  2835 | D:3      | Reached skill level 5 in Maces & Flails
  3068 | D:3      | Reached XP level 5. HP: 38/41 MP: 5/5
  3615 | D:4      | Found a shattered altar of Ashenzari.
  3729 | D:4      | Reached skill level 6 in Maces & Flails
  3817 | D:4      | Noticed Edmund
  3825 | D:4      | Gained mutation: You are slightly more attuned to the shadows. [demonic ancestry]
  3825 | D:4      | Reached XP level 6. HP: 34/47 MP: 4/6
  3835 | D:4      | Killed Edmund
  3924 | D:4      | Reached skill level 7 in Maces & Flails
  3975 | D:4      | Noticed Grinder
  3982 | D:4      | Killed Grinder
  3982 | D:4      | Gained mutation: You are mostly covered in molten scales. (AC +3) [demonic ancestry]
  3982 | D:4      | Reached XP level 7. HP: 38/52 MP: 4/7
  4149 | D:4      | Reached skill level 8 in Maces & Flails
  4175 | D:4      | Got a slimy ring mail
  4186 | D:4      | Identified the cursed +0 ring mail of the Jabberwock {MP+9} (You found it on level 4 of the Dungeon)
  4230 | D:4      | Found a sand-covered staircase.
  4236 | Ossuary  | Entered an ossuary
  4423 | Ossuary  | Reached *** piety under Trog
  4423 | Ossuary  | Reached XP level 8. HP: 54/58 MP: 8/8
  4463 | Ossuary  | Reached skill level 9 in Maces & Flails
  4640 | Ossuary  | Reached skill level 10 in Maces & Flails
  4929 | D:5      | Entered Level 5 of the Dungeon
  4973 | D:5      | Found an iron altar of Okawaru.
  5032 | D:5      | Found a blossoming altar of Fedhas.
  5253 | D:5      | Found a staircase to the Ecumenical Temple.
  5256 | D:5      | Found a glowing drain.
  5280 | Sewer    | Entered a sewer
  5300 | Sewer    | Reached **** piety under Trog
  5300 | Sewer    | Gained mutation: You are completely covered in molten scales. (AC +4, rF+) [demonic ancestry]
  5300 | Sewer    | Reached XP level 9. HP: 56/66 MP: 9/9
  5722 | Temple   | Entered the Ecumenical Temple
  6194 | D:5      | Reached skill level 5 in Fighting
  6641 | D:6      | Reached skill level 5 in Dodging
  6745 | D:6      | Found a sparkling altar of Nemelex Xobeh.
  7437 | D:7      | Noticed Joseph
  7441 | D:7      | Paralysed by Joseph for 2 turns
  7447 | D:7      | Paralysed by Joseph for 5 turns
  7464 | D:7      | Killed Joseph
  8211 | D:7      | Gained mutation: You have large cloven feet. [demonic ancestry]
  8211 | D:7      | Reached XP level 10. HP: 74/74 MP: 10/10
  8475 | D:7      | Reached ***** piety under Trog
  8658 | D:7      | Found a glowing golden altar of the Shining One.
  8794 | D:8      | Found a shadowy altar of Dithmenos.
  9121 | D:8      | Found a staircase to the Lair.
  9214 | D:8      | Found a radiant altar of Vehumet.
  9231 | D:8      | Noticed Grum
  9238 | D:8      | Reached skill level 10 in Dodging
  9266 | D:8      | Killed Grum
 10749 | D:9      | Reached XP level 11. HP: 82/83 MP: 11/11
 11188 | D:10     | Entered Level 10 of the Dungeon
 11336 | D:10     | Reached skill level 11 in Maces & Flails
 11718 | D:10     | Noticed Nergalle
 11726 | D:10     | Killed Nergalle
 11787 | D:10     | Got a steaming brass ring
 11789 | D:10     | Identified the ring of Hospitality {*Drain +Fly Slay+6 Stlth+} (You found it on level 10 of the Dungeon)
 11854 | D:10     | Noticed Urug
 11866 | D:10     | Killed Urug
 12306 | Lair:1   | Entered Level 1 of the Lair of Beasts
 12418 | Lair:1   | Noticed a four-headed hydra
 12425 | Lair:1   | Killed a four-headed hydra
 12487 | Lair:1   | Noticed cada's ghost (journeyman DsGl)
 12505 | Lair:1   | Killed cada's ghost
 12649 | Lair:1   | Noticed Sonja
 12653 | Lair:1   | Cast into level 1 of the Abyss (Sonja)
 12726 | Abyss:1  | Noticed a thrashing horror
 12863 | Abyss:1  | Found a corrupted altar of Lugonu.
 12948 | Abyss:1  | Found a corrupted altar of Lugonu.
 12997 | Abyss:1  | Reached skill level 12 in Maces & Flails
 13036 | Abyss:1  | Killed a large abomination
 13056 | Abyss:1  | Noticed a starcursed mass
 13061 | Abyss:1  | Noticed a sixfirhy
 13064 | Abyss:1  | Slain by a sixfirhy

Skill      XL: |  1  2  3  4  5  6  7  8  9 10 11 |
---------------+----------------------------------+-----
Maces & Flails | 3 4 5 6 7 8 10 12 | 12.0
Dodging        | 3 8 10 | 10.3
Fighting       | 4 5 6 9 |  9.1
Armour         | |  1.7

Action                   |  1- 3 |  4- 6 |  7- 9 | 10-12 || total
-------------------------+-------+-------+-------+-------++-------
Melee: Mace              |   143 |   119 |       |       ||   262
       Flail             |       |     9 |   527 |   484 ||  1020
       Kick              |       |       |       |   143 ||   143
Invok: Trog's Hand       |       |     1 |     1 |     4 ||     6
       Berserk           |       |     1 |       |     4 ||     5
       Burn Spellbooks   |       |       |       |     2 ||     2
       Brothers in Arms  |       |       |       |     2 ||     2
  Use: Potion            |     3 |     2 |     2 |     4 ||    11
       Scroll            |       |    13 |     7 |     6 ||    26
 Stab: Sleeping          |     1 |       |    12 |     8 ||    21
       Distracted        |       |       |     1 |     3 ||     4
       Invisible         |       |       |       |     2 ||     2
  Eat: Chunk             |     4 |     6 |    10 |    19 ||    39
       Meat ration       |       |       |     1 |       ||     1
       Fruit             |       |       |     3 |       ||     3
       Beef jerky        |       |       |     1 |     1 ||     2
       Pizza             |       |       |       |     1 ||     1
Armor: Animal skin       |    30 |    26 |   158 |       ||   214
       Leather armour    |       |       |    41 |   123 ||   164
Dodge: Dodged            |   118 |    63 |   346 |   350 ||   877
Block: Other             |       |    15 |    48 |    47 ||   110
